 Dungeon Crawl Stone Soup version 0.29.1-15-g9cfb28693d (webtiles) character file.

Game seed: 13178795206856029736

119 Arctor the Magician (level 5, -4/28 HPs)
             Began as a Gargoyle Hedge Wizard on Feb 24, 2023.
             Slain by an iguana (9 damage)
             ... on level 3 of the Dungeon.
             The game lasted 00:03:19 (3080 turns).

Arctor the Magician (Gargoyle Hedge Wizard)         Turns: 3080, Time: 00:03:21

Health: -4/28      AC: 11    Str: 14    XL:     5   Next: 3%
Magic:  3/19       EV: 11    Int: 16    God:
Gold:   142        SH:  2    Dex:  9    Spells: 4/10 levels left

rFire   . . .      SeeInvis .   a - +0 dagger
rCold   . . .      Faith    .   l - +0 buckler
rNeg    + . .      Spirit   .   b - +0 robe
rPois   ∞          Reflect  .   c - +0 hat
rElec   +          Harm     .   (no cloak)
rCorr   .          Rampage  .   (no gloves)
Will    .....                   j - +0 pair of boots
Stlth   ++........              (no amulet)
HPRegen 0.09/turn               h - ring of magical power
MPRegen 0.16/turn               r - +4 ring of protection

@: no status effects
A: sickness immunity, AC +4, negative energy resistance 1, electricity
resistance, torment resistance 1, petrification resistance
a: no special abilities


You were on level 3 of the Dungeon.
You visited 1 branch of the dungeon, and saw 3 of its levels.

You collected 142 gold pieces.

Inventory:

Hand Weapons
 a - a +0 dagger (weapon)
Missiles
 k - 2 boomerangs
Armour
 b - a +0 robe (worn)
 c - a +0 hat (worn)
 j - a +0 pair of boots (worn)
 l - a +0 buckler (worn)
Magical Staves
 v - a staff of air
Jewellery
 h - a ring of magical power (left hand)
 q - a ring of willpower
 r - a +4 ring of protection (right hand)
Wands
 x - a wand of mindburst (19)
Scrolls
 e - a scroll of fear {unknown}
 f - 2 scrolls of teleportation
 g - a scroll of immolation
 n - a scroll of fog
 o - a scroll of noise {unknown}
 s - a scroll of magic mapping {unknown}
 t - 2 scrolls of amnesia {unknown}
 u - a scroll of identify
Potions
 d - a potion of magic
 i - a potion of haste {unknown}
 m - 2 potions of curing {unknown}
 p - a potion of degeneration {unknown}
 w - a potion of attraction {unknown}


   Skills:
 + Level 2.2 Dodging
 + Level 3.0 Stealth
 + Level 3.4 Spellcasting
 + Level 2.2 Conjurations
 + Level 2.0 Summonings
 - Level 1.4 Translocations


You had 4 spell levels left.
You knew the following spells:

 Your Spells              Type           Power      Damage    Failure   Level
a - Magic Dart            Conj           36%        1d4       10%         1
b - Blink                 Tloc           14%        N/A       21%         2
c - Mephitic Cloud        Conj/Pois/Air  5%         N/A       47%         3

Your spell library contained the following spells:

 Spells                   Type           Power      Damage    Failure   Level
 Call Imp                 Summ           9%         N/A       16%         2
 Slow                     Hex            8%         N/A       24%         1
 Conjure Flame            Conj/Fire      6%         6-21      43%         3


Dungeon Overview and Level Annotations

Branches:
Dungeon (3/15)

Altars:
Dithmenos


Innate Abilities, Weirdness & Mutations

You are immune to sickness and miasma.
Your stone body is resilient. (AC +4)
You are immune to poison.
You resist negative energy. (rN+)
You are resistant to electric shocks. (rElec)
You are resistant to unholy torment.
You are immune to petrification.


Message History

Press: ? - help, Shift-Dir - straight line, f/p - iguana
Aim: an iguana (heavily wounded, 100% to hit)
The magic dart hits the iguana.
The iguana is severely wounded.
The iguana barely misses you.
Casting: Magic Dart (safe; 10% risk of failure)
Confirm with . or Enter, or press ? or * to list all spells.
Aiming: Magic Dart (safe; 10% risk of failure)
Press: ? - help, Shift-Dir - straight line, f/p - iguana
Aim: an iguana (severely wounded, 100% to hit)
The magic dart hits the iguana.
The iguana is severely wounded.
The iguana bites you.
Casting: Magic Dart (safe; 10% risk of failure)
Confirm with . or Enter, or press ? or * to list all spells.
Aiming: Magic Dart (safe; 10% risk of failure)
Press: ? - help, Shift-Dir - straight line, f/p - iguana
Aim: an iguana (severely wounded, 100% to hit)
The magic dart hits the iguana but does no damage.
The iguana is severely wounded.
The iguana bites you but does no damage.
Casting: Magic Dart (safe; 10% risk of failure)
Confirm with . or Enter, or press ? or * to list all spells.
Aiming: Magic Dart (safe; 10% risk of failure)
Press: ? - help, Shift-Dir - straight line, f/p - iguana
Aim: an iguana (severely wounded, 100% to hit)
The magic dart hits the iguana but does no damage.
The iguana is severely wounded.
The iguana bites you!
* * * LOW HITPOINT WARNING * * *
Your magical contamination has completely faded away.
Casting: Magic Dart (safe; 10% risk of failure)
Confirm with . or Enter, or press ? or * to list all spells.
Aiming: Magic Dart (safe; 10% risk of failure)
Press: ? - help, Shift-Dir - straight line, f/p - iguana
Aim: an iguana (severely wounded, 100% to hit)
The magic dart hits the iguana.
The iguana is severely wounded.
The iguana bites you!
You die...

#######......... ......#
#####.......... .......
#...............
.......#................
.........#..............
.......#......÷..>......
....†..#......##.......#
......l............)...#
.......@#####...........
............#.........<.
..............#...)÷..[.
...................#..##
................##......
...............###.##...
........................
...............###.##...
..............###.##...


You could see an iguana.

Vanquished Creatures
  Jessica (D:3)
  2 adders
  2 worms (D:2)
  3 dart slugs
  4 endoplasms
  4 giant cockroaches
  6 goblins
  4 hobgoblins
  3 jackals (D:3)
  3 quokkas
  8 ball pythons
  5 bats
  5 frilled lizards
  4 kobolds
  9 rats
63 creatures vanquished.

Notes
Turn   | Place    | Note
-------+----------+-------------------------------------------
     0 | D:1      | Arctor the Gargoyle Hedge Wizard began the quest for the
                  | Orb.
     0 | D:1      | Reached XP level 1. HP: 10/10 MP: 4/4
   136 | D:1      | Reached skill level 1 in Summonings
   190 | D:1      | Reached skill level 1 in Translocations
   260 | D:1      | Reached XP level 2. HP: 15/15 MP: 6/6
   676 | D:1      | Found a faded altar of an unknown god.
  1229 | D:2      | Learned a level 2 spell: Blink
  1319 | D:2      | Reached XP level 3. HP: 16/19 MP: 7/7
  1466 | D:2      | Found a shadowy altar of Dithmenos.
  2155 | D:2      | Learned a level 3 spell: Mephitic Cloud
  2403 | D:3      | Reached XP level 4. HP: 24/24 MP: 8/8
  2728 | D:3      | Noticed Jessica
  2740 | D:3      | Killed Jessica
  2934 | D:3      | Reached XP level 5. HP: 25/28 MP: 7/10
  3080 | D:3      | Slain by an iguana

Illustrated notes

Levels and vault maps discovered:
D:1:      dpeg_arrival_pits, layout_loops_ring,
          hellmonk_ecumenical_altar_run_dry
D:2:      layout_loops_ring, basic_altar
D:3:      layout_rooms, minmay_misc_feat_chi, nicolae_elevator_lobby_plus,
          uniq_jessica, uniq_grinder

Skill      XL: |  1  2  3  4 |
---------------+-------------+-----
Summonings     | 1 2 |  2.0
Translocations | 1 |  1.4
Dodging        | 2 |  2.2
Conjurations   | 2 |  2.2
Stealth        | 3 |  3.0
Spellcasting   | |  3.4

Action                   |  1- 3 |  4- 6 || total
-------------------------+-------+-------++-------
Melee: Dagger            |    31 |     7 ||    38
       Punch             |     2 |       ||     2
 Cast: Magic Dart        |   111 |    79 ||   190
  Use: Scroll            |     3 |       ||     3
 Stab: Sleeping          |     3 |       ||     3
Armor: Robe              |    29 |    18 ||    47
Dodge: Dodged            |    46 |    26 ||    72
Block: Buckler           |     4 |     9 ||    13
